 Dungeon Crawl Stone Soup version 0.23-a0-405-g368ce00 (webtiles) character file.

18256 MisterFreud the Nimble (level 12, -8/109 HPs)
             Began as a Felid Transmuter on Nov 6, 2018.
             Was an Elder of Hepliaklqana.
             Killed by divine providence
             ... invoked by a meliai
              (13 damage)
             ... on level 6 of the Lair of Beasts.
             The game lasted 00:53:42 (16248 turns).

MisterFreud the Nimble (Felid Transmuter)          Turns: 16248, Time: 00:53:42

Health: -8/109     AC: 28    Str: 15    XL:     12   Next: 26%
Magic:  12/19      EV:  4    Int: 15    God:    Hepliaklqana [****..]
Gold:   750        SH:  0    Dex: 17    Spells: 5/19 levels left
                                        Lives:  0   Deaths: 3

rFire    . . .     SeeInvis +     - Unarmed
rCold    . . .     Gourm    .   (shield unavailable)
rNeg     + + +     Faith    .   (armour unavailable)
rPois    +         Spirit   .   (helmet unavailable)
rElec    .         Reflect  .   (cloak unavailable)
rCorr    .         Harm     .   (gloves unavailable)
MR       +....     NoTele   +   (boots unavailable)
Stlth    ..........             (no amulet)
HPRegen  0.28/turn              e - +2 ring of protection
MPRegen  0.16/turn              (no ring)

@: berserking (expiring), tree-form, very quick
A: very small, no armour, no weapons or thrown items, stealth, reduced essence,
see invisible, carnivore, slow metabolism 1
a: Recall Ancestor, Ancestor Identity, Transference, Idealise, Renounce Religion


You were on level 6 of the Lair of Beasts.
You worshipped Hepliaklqana.
Hepliaklqana was greatly pleased with you.
You were very full.
You were a tree.
You visited 3 branches of the dungeon, and saw 15 of its levels.

You collected 750 gold pieces.

Inventory:

Missiles
 a - 232 arrows
Jewellery
 e - a +2 ring of protection (left branch)
 r - an uncursed ring of ice
Wands
 h - a wand of flame (1)
 n - a wand of digging (6)
 s - a wand of paralysis (8)
Scrolls
 b - 14 scrolls of remove curse
 k - 2 scrolls of identify
 m - a scroll of teleportation
 q - a scroll of amnesia
Potions
 d - 2 potions of mutation
 f - a potion of flight
 g - 3 potions of resistance
 i - 3 potions of agility
 j - 2 potions of cancellation
 l - a potion of invisibility
 w - 2 potions of curing
 x - 2 potions of might {unknown}
Miscellaneous
 v - a phial of floods (inert)
Comestibles
 c - 19 rations


   Skills:
 - Level 8.1 Fighting
 - Level 12.1 Dodging
 - Level 5.0 Stealth
 + Level 10.0 Unarmed Combat
 - Level 4.0 Spellcasting
 - Level 10.1 Hexes
 - Level 10.0 Transmutations
 - Level 5.0 Invocations
 - Level 5.2 Evocations


You had 5 spell levels left.
You knew the following spells:

 Your Spells              Type           Power        Failure   Level  Hunger
a - Beastly Appendage     Tmut           ####..       1%          1    None
b - Sticks to Snakes      Tmut           ####....     1%          2    ##.....
c - Spider Form           Tmut/Pois      ###.......   7%          3    ###....
d - Blade Hands           Tmut           ####......   8%          5    ######.
e - Confuse               Hex            ####....     1%          3    ###....

Your spell library contained the following spells:

 Spells                   Type           Power        Failure   Level  Hunger
 Confusing Touch          Hex            ####..       1%          1    None
 Tukima's Dance           Hex            ####....     1%          3    ###....
 Yara's Violent Unravell  Hex/Tmut       ####......   8%          5    ######.
 Animate Skeleton         Necr           N/A          19%         1    None
 Apportation              Tloc           #.....       19%         1    None
 Sting                    Conj/Pois      #...         19%         1    None
 Summon Butterflies       Summ           #.......     19%         1    None
 Summon Small Mammal      Summ           #...         19%         1    None
 Ice Form                 Ice/Tmut       ###.....     22%         4    ####...
 Petrify                  Tmut/Erth      ###.....     22%         4    ####...
 Poisonous Vapours        Pois/Air       #.....       26%         2    ##.....
 Gell's Gravitas          Tloc           #.........   47%         3    ###....
 Lesser Beckoning         Tloc           #.........   47%         3    ###....
 Mephitic Cloud           Conj/Pois/Air  #.......     47%         3    ###....
 Metabolic Englaciation   Hex/Ice        ###.......   52%         5    ######.
 Alistair's Intoxication  Tmut/Pois      ###.....     54%         5    ######.
 Olgreb's Toxic Radiance  Pois           #.......     87%         4    ####...
 Venom Bolt               Conj/Pois      #.........   99%         5    ######.
 Invisibility             Hex            ####....     38%         6    #######


Dungeon Overview and Level Annotations

Branches:
Dungeon (8/15)             Temple (1/1) D:5            Lair (6/6) D:8
 Shoals (0/4) Lair:3        Snake (0/4) Lair:3        Slime (0/5) Lair:5

Altars:
Dithmenos
Fedhas
Hepliaklqana
Kikubaaqudgha
Nemelex Xobeh
Okawaru
Qazlal
Uskayaw
Vehumet
Xom
Yredelemnul
The Shining One
Jiyva

Annotations:
D:7 1 exclusion
D:8 Erica
Lair:3 3 runed doors, Eptagon's ghost, journeyman OpFi
Lair:5 1 runed door


Innate Abilities, Weirdness & Mutations

You cannot wear armour.
You are incapable of wielding weapons or throwing items.
Your paws allow you to move quietly. (Stealth)
((You have sharp claws.))
((You have razor-sharp teeth.))
You have supernaturally acute eyesight. (SInv)
You are carnivorous and can eat meat at any time.
((You cover ground quickly.))
((Your thick and shaggy fur keeps you warm. (AC +3, rC+)))
You have a slow metabolism.
((Your sharp claws are effective at attacking unaware monsters.))
Your life essence is reduced to manifest your ancestor. (-10% HP)


Message History

A meliai comes into view. It is wielding a +0 war axe.
Unknown command.
You are too berserk!
Unknown command.
You closely miss the killer bee.
The killer bee is severely wounded.
The meliai buzzes angrily.
You hear an angry buzzing noise. x2
The killer bee stings you but does no damage. x2
The blink frog hits you.
* * * LOW HITPOINT WARNING * * *
The blink frog blinks!
Ku-aya hits the killer bee with a dagger of draining.
Ku-aya drains the killer bee!
You pummel the killer bee!!
You kill the killer bee!
The killer bee stings you but does no damage.
The killer bee barely misses you.
The meliai mumbles some strange prayers to its god against you.
Something smites you!
You die...

♣.. #####.... ♣..#
### ##..##....
♣..##.####.#.......
♣...P.##.......#P..
♣♣..!......#..####..
♣....PP..##.### #P.
♣♣##..P###### ##.
#†R### ###.. ##♣y.#
#.#.. #y#y## #..#.
#F#†y# ##... #yy..##
#####.... #yF.#.#
##PP..#... #.F####
#.....#... .y.#
####.....##.. ##.#
#............ #..
#............


You could see the friendly Ku-aya the hexer, 3 blink frogs, a meliai and 7
killer bees.

Vanquished Creatures
  6 hydras
  6 elephants (Lair:5)
  2 merfolk sirens (Lair:3)
  A black mamba (Lair:6)
  7 spiny frogs
  A rime drake (Lair:5)
  3 komodo dragons
  A merfolk (Lair:3)
  A meliai (Lair:6)
  4 blink frogs
  7 hippogriffs
  13 yaks
  5 basilisks
  A naga (Lair:3)
  Menkaure (D:7)
  6 water moccasins
  An orc warrior (D:8)
  5 porcupines
  Duvessa (D:7)
  A phantom (D:7)
  10 necrophages
  A black bear (D:5)
  A sky beast (D:8)
  An ogre (D:5)
  3 centaurs
  5 crocodiles
  11 bullfrogs
  Dowan (D:7)
  11 killer bees
  6 howler monkeys
  A bullfrog zombie (D:7)
  2 centaur zombies
  2 hounds (D:5)
  2 jellies
  A bullfrog skeleton (D:4)
  7 orc priests
  Crazy Yiuf (D:6)
  3 orc wizards
  Ijyb (D:4)
  6 worker ants
  An iguana (D:7)
  A hound zombie (D:7)
  10 adders
  An ooze (D:3)
  An adder zombie (D:5)
  An adder skeleton (D:6)
  3 dart slugs
  5 leopard geckos
  23 orcs
  3 ball pythons
  14 bats
  2 giant cockroaches
  6 goblins
  6 hobgoblins
  8 kobolds
  3 quokkas
  6 frilled lizards
  A jackal skeleton (D:4)
  A quokka skeleton (D:5)
  5 rats
  A bush (D:7)
251 creatures vanquished.

Vanquished Creatures (collateral kills)
  A merfolk siren (Lair:3)
  A blink frog (Lair:6)
  A porcupine (Lair:2)
  3 killer bees (Lair:6)
  An adder zombie (D:5)
  A leopard gecko (D:1)
  An orc (D:5)
  2 jackals (D:6)
  A fungus (Lair:6)
12 creatures vanquished.

Vanquished Creatures (others)
  6 hexers
  2 ancestors
  An orc (D:7)
  A bush (Lair:3)
  2 fungi (Lair:3)
  2 plants
14 creatures vanquished.

Grand Total: 277 creatures vanquished

Notes
Turn   | Place    | Note
-------+----------+-------------------------------------------
     0 | D:1      | MisterFreud the Felid Transmuter began the quest for the
                  | Orb.
     0 | D:1      | Reached XP level 1. HP: 9/9 MP: 4/4
    55 | D:1      | Reached skill level 1 in Stealth
   399 | D:1      | Reached XP level 2. HP: 12/12 MP: 4/6
   499 | D:1      | Learned a level 2 spell: Sticks to Snakes
   797 | D:1      | Reached XP level 3. HP: 13/15 MP: 7/7
  1530 | D:2      | Reached skill level 5 in Stealth
  1535 | D:2      | Learned a level 3 spell: Spider Form
  1875 | D:3      | Found a sparkling altar of Nemelex Xobeh.
  1898 | D:3      | Reached XP level 4. HP: 10/19 MP: 6/8
  2273 | D:4      | Noticed Ijyb
  2826 | D:3      | Reached XP level 5. HP: 22/24 MP: 2/9
  3305 | D:4      | Noticed a centaur
  3316 | D:4      | Killed a centaur
  3316 | D:4      | Gained mutation: You are covered in thick fur. (AC +2)
                  | [Felid growth]
  3316 | D:4      | Reached XP level 6. HP: 16/28 MP: 6/10
  3580 | D:4      | Reached skill level 5 in Unarmed Combat
  3950 | D:4      | Killed Ijyb
  4566 | D:5      | Entered Level 5 of the Dungeon
  4591 | D:5      | Shot with an arrow by a centaur
  4592 | D:5      | Reached XP level 5. HP: -4/24 MP: 9/9
  4678 | D:5      | Noticed an ogre
  4692 | D:5      | Killed an ogre
  4692 | D:5      | Reached XP level 6. HP: 28/28 MP: 7/10
  4712 | D:5      | Reached skill level 5 in Transmutations
  4896 | D:5      | Reached XP level 7. HP: 30/31 MP: 7/11
  5386 | D:5      | Found a staircase to the Ecumenical Temple.
  5402 | Temple   | Entered the Ecumenical Temple
  5441 | Temple   | Became a worshipper of Hepliaklqana the Forgotten
  5939 | D:6      | Reached skill level 3 in Dodging
  6066 | D:6      | Reached skill level 4 in Dodging
  6078 | D:6      | Reached skill level 5 in Dodging
  6259 | D:6      | Killed from afar by an orc priest
  6260 | D:6      | Reached XP level 6. HP: -5/25 MP: 7/10
  6262 | D:6      | Found a stormy altar of Qazlal.
  6325 | D:6      | Reached skill level 6 in Dodging
  6325 | D:6      | Reached XP level 7. HP: 24/27 MP: 7/11
  6692 | D:6      | Found a runed door.
  6697 | D:6      | Noticed Crazy Yiuf
  6705 | D:6      | Killed Crazy Yiuf
  6705 | D:6      | Reached skill level 7 in Dodging
  7007 | D:6      | Noticed a yak
  7008 | D:6      | Noticed a yak
  7067 | D:6      | Noticed a yak
  7067 | D:6      | Noticed a yak
  7078 | D:6      | Noticed a yak
  7101 | D:6      | Noticed a yak
  7111 | D:5      | Killed a yak
  7473 | D:6      | Killed a yak
  7473 | D:6      | Reached skill level 8 in Dodging
  7495 | D:6      | Killed a yak
  7495 | D:6      | Reached XP level 8. HP: 22/30 MP: 6/15
  7802 | D:6      | Learned a level 5 spell: Blade Hands
  7890 | D:7      | Noticed Menkaure
  8298 | D:7      | Killed Menkaure
  8307 | D:7      | Noticed a hippogriff
  8315 | D:7      | Killed a hippogriff
  8532 | D:7      | Reached XP level 9. HP: 29/33 MP: 3/16
  8935 | D:7      | Found a blossoming altar of Fedhas.
  9578 | D:7      | Noticed Dowan
  9581 | D:7      | Noticed Duvessa
  9594 | D:7      | Killed Duvessa
  9600 | D:7      | Killed Dowan
  9720 | D:7      | Reached skill level 10 in Transmutations
  9836 | D:8      | Noticed Erica
 10057 | D:8      | Reached * piety under Hepliaklqana
 10065 | D:8      | Reached skill level 9 in Dodging
 10120 | D:8      | Reached XP level 10. HP: 33/36 MP: 11/17
 10124 | D:8      | Found a staircase to the Lair.
 10188 | Lair:1   | Entered Level 1 of the Lair of Beasts
 10367 | Lair:1   | Reached skill level 10 in Dodging
 11058 | Lair:1   | Reached skill level 11 in Dodging
 11150 | Lair:2   | Reached ** piety under Hepliaklqana
 11167 | Lair:2   | Noticed a spiny frog
 11190 | Lair:2   | Killed a spiny frog
 11205 | Lair:2   | Noticed a five-headed hydra
 11211 | Lair:2   | Slain by a five-headed hydra
 11212 | Lair:2   | Reached XP level 9. HP: 0/33 MP: 16/16
 11219 | Lair:2   | Remembered your ancestor Ku-aya as a hexer
 11304 | Lair:2   | Reached skill level 12 in Dodging
 11307 | Lair:2   | Killed a seven-headed hydra
 11307 | Lair:2   | Reached skill level 5 in Fighting
 11501 | Lair:2   | Reached XP level 10. HP: 32/39 MP: 8/17
 11918 | Lair:3   | Found a staircase to the Snake Pit.
 11931 | Lair:3   | Found a runed gate.
 11931 | Lair:3   | Found a runed gate.
 11932 | Lair:3   | Found a runed gate.
 11969 | Lair:3   | Noticed Eptagon's ghost (journeyman OpFi)
 11970 | Lair:3   | Found a viscous altar of Jiyva.
 11970 | Lair:3   | Noticed a death ooze
 12135 | Lair:3   | Reached *** piety under Hepliaklqana
 12172 | Lair:3   | Noticed a six-headed hydra
 12175 | Lair:3   | Noticed a spiny frog
 12253 | Lair:3   | Noticed a merfolk siren
 12258 | Lair:3   | Noticed a merfolk siren
 12268 | Lair:3   | Killed a merfolk siren
 12281 | Lair:3   | Killed a merfolk siren
 12304 | Lair:3   | Noticed a merfolk siren
 12317 | Lair:3   | Killed a merfolk siren
 12493 | Lair:3   | Found a staircase to the Shoals.
 12689 | Lair:3   | Killed a six-headed hydra
 12689 | Lair:3   | Reached skill level 10 in Unarmed Combat
 12692 | Lair:3   | Killed a spiny frog
 13192 | Lair:3   | Reached XP level 11. HP: 45/45 MP: 11/18
 13729 | Lair:4   | Reached skill level 1 in Invocations
 13869 | Lair:4   | Noticed a four-headed hydra
 13913 | Lair:4   | Killed a four-headed hydra
 14390 | Lair:5   | Learned a level 3 spell: Confuse
 14413 | Lair:5   | Found a runed door.
 14414 | Lair:5   | Found a viscous altar of Jiyva.
 14418 | Lair:5   | Found a staircase to the Slime Pits.
 14419 | Lair:5   | Noticed an eight-headed hydra
 14420 | Lair:5   | Reached **** piety under Hepliaklqana
 14452 | Lair:5   | Killed an eight-headed hydra
 14452 | Lair:5   | Reached skill level 1 in Hexes
 15181 | Lair:5   | Noticed a six-headed hydra
 15189 | Lair:5   | Killed a six-headed hydra
 15570 | Lair:5   | Reached skill level 5 in Invocations
 15690 | Lair:5   | Reached skill level 5 in Evocations
 15881 | Lair:6   | Entered Level 6 of the Lair of Beasts
 15889 | Lair:6   | Reached skill level 5 in Hexes
 15985 | Lair:6   | Gained mutation: Your thick and shaggy fur keeps you warm.
                  | (AC +3, rC+) [Felid growth]
 15985 | Lair:6   | Reached XP level 12. HP: 40/49 MP: 14/19
 16031 | Lair:6   | Noticed an eight-headed hydra
 16053 | Lair:6   | Killed a nine-headed hydra
 16241 | Lair:6   | Reached skill level 10 in Hexes
 16247 | Lair:6   | HP: 5/109 [blink frog (5)]
 16248 | Lair:6   | Killed from afar by a meliai

Vault maps used:
D:1:      lightli_arrival_statuegarden
D:3:      nemelex_lonely_heart_becter
D:4:      first_ration, uniq_ijyb
D:5:      black_bear_nest_1, minmay_temple_entry_fiery
D:6:      nicolae_qazlal_general_emergency, uniq_crazy_yiuf_cottage
D:7:      cheibrodos_two_vegetables, fedhas_altar_decomposition, uniq_menkaure,
          uniq_duvessa
D:8:      grunt_temple_overflow_gold_and_silver, nicolae_overflow_hidden_temple,
          lair_entry_dummy, serial_bayou, serial_bayou_pond_e,
          serial_bayou_ford_a, serial_bayou_shore_b, serial_bayou_shore_b,
          serial_bayou_lake_a, serial_bayou_lagoon_a, uniq_erica
Temple:   regret_index_temple_waves
Lair:3:   elwin_shoals_entry_stream, guppyfry_snake_entry_garden,
          gammafunk_ghost_ooze, roderic_carrion_pond
Lair:5:   slime_altar_2
Lair:6:   minmay_lair_end_enchanted_forest, special_room

Skill      XL: |  1  2  3  4  5  6  7  8  9 10 11 12 |
---------------+-------------------------------------+-----
Stealth        | 2 4 5 |  5.0
Fighting       | 3 5 7 8 |  8.1
Unarmed Combat | 4 5 6 7 8 10 | 10.0
Transmutations | 4 6 7 10 | 10.0
Dodging        | 6 8 12 11 | 12.1
Spellcasting   | 4 |  4.0
Invocations    | 5 |  5.0
Hexes          | 6 10 | 10.1
Evocations     | 5 |  5.2

Action                   |  1- 3 |  4- 6 |  7- 9 | 10-12 || total
-------------------------+-------+-------+-------+-------++-------
Melee: Unarmed           |   103 |   142 |   280 |   256 ||   781
       Headbutt          |    13 |     4 |       |       ||    17
       Bite              |     6 |     2 |     6 |    23 ||    37
       Punch             |       |       |     2 |    10 ||    12
 Cast: Beastly Appendage |    24 |     6 |       |       ||    30
       Sticks to Snakes  |     2 |       |     1 |       ||     3
       Spider Form       |     1 |    20 |    34 |       ||    55
       Blade Hands       |       |       |    14 |    34 ||    48
Invok: Recall Ancestor   |       |       |     3 |     8 ||    11
       Ancestor Life: He |       |       |     1 |       ||     1
 Abil: End Transformatio |       |       |     1 |       ||     1
Evoke: Wand              |       |     2 |    13 |    23 ||    38
       Phial of floods   |       |       |       |     2 ||     2
  Use: Scroll            |     7 |     8 |     2 |     9 ||    26
       Potion            |       |     1 |     2 |     3 ||     6
 Stab: Sleeping          |     7 |     8 |       |    10 ||    25
       Paralysed         |       |       |     2 |     4 ||     6
       Distracted        |       |       |     1 |     2 ||     3
  Eat: Chunk             |    10 |    11 |    26 |    28 ||    75
Armor: Skin              |     9 |    11 |    15 |    61 ||    96
Dodge: Dodged            |    90 |   120 |   274 |   219 ||   703

Table legend:
 A = Non-vault XP
 B = Vault XP
 C = Vault XP percentage of total XP
 D = Non-vault monster count
 E = Vault monster count
 F = Vault count percentage of total count
                 A         B        C        D         E       F
            +---------+---------+-------+---------+---------+-------
      Total |   26079 |    4595 |  15.0 |     227 |      34 |  13.0
            +---------+---------+-------+---------+---------+-------
        D:1 |      48 |       0 |   0.0 |      30 |       0 |   0.0
        D:2 |      33 |       0 |   0.0 |      12 |       0 |   0.0
        D:3 |     149 |       0 |   0.0 |      25 |       0 |   0.0
        D:4 |     297 |      36 |  10.8 |      14 |       1 |   6.7
        D:5 |     862 |     124 |  12.6 |      19 |       1 |   5.0
        D:6 |    1942 |      40 |   2.0 |      32 |       1 |   3.0
        D:7 |    1459 |     985 |  40.3 |      21 |      10 |  32.3
        D:8 |     621 |       0 |   0.0 |       7 |       0 |   0.0
     Lair:1 |    1315 |       0 |   0.0 |       7 |       0 |   0.0
     Lair:2 |    2407 |       0 |   0.0 |       9 |       0 |   0.0
     Lair:3 |    3467 |    2483 |  41.7 |      13 |      10 |  43.5
     Lair:4 |    3122 |       0 |   0.0 |      11 |       0 |   0.0
     Lair:5 |    5776 |       0 |   0.0 |      13 |       0 |   0.0
     Lair:6 |    4581 |     927 |  16.8 |      14 |      11 |  44.0
            +---------+---------+-------+---------+---------+-------
